 Dungeon Crawl Stone Soup version 0.16.1-2-g95b8d4c (console) character file.

67315 Monkaria the Severer (level 14, -3/132 HPs)
             Began as a Deep Dwarf Skald on Mar 24, 2015.
             Was the Champion of Makhleb.
             Slain by a rust devil (4 damage)
             ... summoned by an orc sorcerer
             ... on level 4 of the Orcish Mines.
             The game lasted 01:32:46 (26215 turns).

Monkaria the Severer (Deep Dwarf Skald)            Turns: 26215, Time: 01:32:47

Health: -3/132     AC: 11    Str: 18      XL:     14   Next: 82%
Magic:  11/11      EV: 13    Int: 12 (13) God:    Makhleb [******]
Gold:   4026       SH:  0    Dex: 13      Spells: 1 memorised, 15 levels left

rFire  . . .     SeeInvis .     X - +2 war axe (venom)
rCold  . . .     Clarity  +     O - +4 chain mail
rNeg   + . .     SustAb   .     (no shield)
rPois  .         Gourm    .     w - +0 helmet
rElec  .         Spirit   .     Y - +1 cloak {MR+}
rCorr  .         Warding  .     l - +0 pair of gloves
rMut   .         Stasis   .     V - +2 pair of boots
MR     +++..                    t - amulet of clarity
Stlth  ..........               m - +2 ring of slaying
                                z - +1 ring of evasion

@: corroded equipment, non-regenerating, extremely resistant to hostile
enchantments, extremely unstealthy
A: damage resistance, recharge devices, negative energy resistance 1, sense
surroundings 2, slow healing 3, weak 1
a: Device Recharging, Minor Destruction, Lesser Servant of Makhleb, Major
Destruction, Greater Servant of Makhleb, Renounce Religion


You were on level 4 of the Orcish Mines.
You worshipped Makhleb.
Makhleb was exalted by your worship.
You were not hungry.

You visited 4 branches of the dungeon, and saw 25 of its levels.
You also visited: Labyrinth, Bailey, Ice Cave and Volcano.

You collected 4026 gold pieces.

Inventory:

Hand weapons
 B - a +2 scimitar of flaming
 C - a +0 blowgun
 X - a +2 war axe of venom (weapon)
Missiles
 H - 11 poisoned needles
 M - 6 curare-tipped needles
Armour
 b - a +2 chain mail of fire resistance
 l - a +0 pair of gloves (worn)
 w - a +0 helmet (worn)
 y - a +0 fire dragon armour
 N - an ice dragon hide
 O - a +4 chain mail (worn)
 V - a +2 pair of boots (worn)
 Y - a +1 cloak of magic resistance (worn)
Jewellery
 a - a +2 ring of strength
 g - an uncursed ring of see invisible
 h - an uncursed amulet of rage
 m - a +2 ring of slaying (right hand)
 s - the ring "Bliwur" {+Blink rElec rC- rN+}
   (You found it in an ice cave)

   [ring of positive energy]

   It makes you vulnerable to cold.
   It insulates you from electricity.
   It protects you from negative energy.
   It lets you blink.
 t - an amulet of clarity (around neck)
 x - an uncursed amulet of stasis
 z - a +1 ring of evasion (left hand)
Magical devices
 d - a wand of heal wounds (2)
 p - a wand of random effects (16)
 q - a wand of paralysis (10)
 L - a wand of frost (43)
 Q - a wand of paralysis (14)
 U - a wand of random effects (11)
Scrolls
 e - 5 scrolls of remove curse
 j - 3 scrolls of fear
 k - a scroll of fog
 v - a scroll of identify
 E - a scroll of teleportation
 I - a scroll of amnesia
 P - a scroll of magic mapping
Potions
 c - 3 potions of resistance
 i - 3 potions of berserk rage
 n - 5 potions of curing
 o - 4 potions of haste
 r - 8 potions of heal wounds
 u - 3 potions of might
 A - 2 potions of lignification
 D - 3 potions of agility
 G - 2 potions of invisibility
 R - 2 potions of flight
Comestibles
 f - 12 bread rations


   Skills:
 - Level 10.0 Fighting
 - Level 15.0 Axes
 - Level 14.3 Armour
 - Level 10.0 Dodging
 - Level 1.7 Spellcasting
 - Level 2.6 Charms
 + Level 12.2 Invocations
 - Level 10.1 Evocations


You had 15 spell levels left.
You knew the following spells:

 Your Spells              Type           Power        Failure   Level  Hunger
a - Infusion              Chrm           #.....       67%         1    ##.....


Dungeon Overview and Level Annotations

Branches:
Dungeon (12/15)            Temple (1/1) D:7            Lair (8/8) D:11
 Shoals (0/5) Lair:4       Spider (0/5) Lair:5        Slime (0/6) Lair:8
    Orc (4/4) D:10            Elf (0/3) Orc:3

Altars:
Ashenzari
Cheibriados
Dithmenos
Elyvilon
Fedhas
Gozag
Kikubaaqudgha
Makhleb
Nemelex Xobeh
Okawaru
Qazlal
Ru
Sif Muna
Trog
Vehumet
Xom
Yredelemnul
Zin
The Shining One
Jiyva

Shops:
D:7 :

Annotations:
Lair:4 exclusion: oklob plant
Lair:8 1 runed door


Innate Abilities, Weirdness & Mutations

You are resistant to damage.
You can recharge devices by infusing magical energy.
You resist negative energy.
You passively map the area around you.
You do not heal naturally.
You are weak. (Str -2)


Message History

Press: ? - help, Shift-Dir - straight line, f - you You feel much better.
This wand has 3 charges left.
The sun demon hits you!
You are engulfed in flames!
The rust devil hits you. The rust devil corrodes your equipment!
The orc sorcerer tries to enchant you with its gaze.
The orc sorcerer hits you with a dagger.
The sun demon hits you!!
* * * LOW HITPOINT WARNING * * *
You are engulfed in flames!
* * * LOW HITPOINT WARNING * * *
The orc wizard hits you but does no damage.
Evoke which item? (* to show all) (? for menu, Esc to quit)
Zapping:
d - a wand of heal wounds (3)
Press: ? - help, Shift-Dir - straight line, f - you You feel much better.
This wand has 2 charges left.
The sun demon hits you!!
* * * LOW HITPOINT WARNING * * *
You are engulfed in flames!!
* * * LOW HITPOINT WARNING * * *
The rust devil hits you.
You die...

*#.#.#...........#
#..............#######
......................
##.....................
#................######
##...............#
#................#
##...4.3)...o....#
#.....@3.........#,
#.....oo.........###+**
##.....)..............
#................###+
#................#, ,
##...............# ,
#..)...)........# *
#...............######
##....................


You could see 2 sun demons, a rust devil, an orc sorcerer and 2 orc wizards.

Vanquished Creatures
  Gastronok (D:9)
  A minotaur (Lab)
  The ghost of jazmu the Tortoise, a powerful GrFi of Okawaru (Orc:4)
  An ice dragon (Lair:7)
  9 hydras
  Erica (D:10)
  8 death yaks
  An unseen horror (D:10)
  A hill giant (D:6)
  A lindwurm (Orc:3)
  2 ice statues (IceCv)
  The ghost of Fv001 the Shield-Bearer, an experienced GrFi of the Shining One (D:7)
  An orc sorcerer (Orc:4)
  An orc knight (Orc:1)
  A wolf spider zombie (D:11)
  A griffon (Lair:4)
  A moth of wrath (D:3)
  A cyclops (D:11)
  A toenail golem (Volcano)
  A smoke demon (Volcano)
  4 black mambas
  Psyche (Orc:3)
  A gargoyle (D:12)
  14 spiny frogs
  A kobold demonologist (D:11)
  A jumping spider (Lair:5)
  9 komodo dragons
  A spriggan druid (Lair:8)
  A troll (Orc:1)
  A fire drake (Lair:7)
  2 red devils (Volcano)
  2 two-headed ogres
  2 polar bears (Lair:8)
  26 blink frogs
  A trapdoor spider zombie (D:11)
  9 redbacks (Lair:8)
  3 basilisks
  A shadow (D:12)
  4 wyverns
  9 hippogriffs
  8 spriggans (Lair:8)
  30 yaks
  Grum (Orc:3)
  A wraith (D:10)
  32 wolves
  3 hungry ghosts
  3 wargs (Orc:3)
  10 porcupines
  A necrophage (D:9)
  4 wasps (Lair:8)
  2 spiders (Lair:5)
  14 water moccasins
  5 black bears
  13 orc warriors
  A boring beetle (Lair:7)
  5 centaurs
  10 ogres
  31 ice beasts
  17 crocodiles
  The ghost of psch the Conjurer, an average DsWz (D:3)
  Sigmund (D:6)
  A big kobold (D:11)
  17 giant frogs
  An earth elemental (Lab)
  9 wights
  8 killer bees
  A scorpion (D:4)
  A water moccasin skeleton (D:9)
  11 crimson imps
  3 goliath beetles
  A jelly (D:7)
  3 electric eels
  2 centaur skeletons
  2 centaur zombies
  A giant frog skeleton (D:6)
  14 hounds
  6 iguanas
  3 iron imps (D:3)
  5 hell rats (Lair:3)
  14 orc priests
  9 worker ants
  26 sheep
  31 orc wizards
  An ogre skeleton (Lab)
  2 hound zombies
  3 gnolls (D:9)
  25 adders
  2 giant mites
  3 shadow imps
  74 river rats
  8 worms
  An adder skeleton (D:5)
  5 giant geckos
  128 orcs
  2 bat skeletons (D:6)
  3 giant cockroaches
  21 goblins
  18 hobgoblins
  13 jackals
  31 kobolds
  An ooze (D:3)
  13 quokkas
  A ball python (D:1)
  13 bats
  7 giant newts
  A giant spore (D:10)
  10 rats
  5 ballistomycetes
  15 fungi
  3 plants (Lair:8)
900 creatures vanquished.

Vanquished Creatures (collateral kills)
  Fannar (Lair:3)
  2 ice dragons (IceCv)
  A death yak (Lair:7)
  A deep elf mage (D:12)
  An orc warrior (D:12)
  A giant frog (Lair:7)
  A scorpion (D:12)
  A killer bee (D:12)
  A giant frog skeleton (D:12)
  2 hell rats (Lair:3)
  An orc (D:12)
13 creatures vanquished.

Vanquished Creatures (others)
  An electric eel (Lair:7)
  A crimson imp (D:9)
  An orc wizard (Orc:4)
  A giant gecko (D:9)
  2 giant spores
  3 plants (D:11)
9 creatures vanquished.

Grand Total: 922 creatures vanquished

Notes
Turn   | Place    | Note
--------------------------------------------------------------
     0 | D:1      | Monkaria, the Deep Dwarf Skald, began the quest for the Orb.
     0 | D:1      | Reached XP level 1. HP: 19/19 MP: 2/2
   219 | D:1      | Reached XP level 2. HP: 12/27 MP: 3/3
   441 | D:1      | Reached skill level 3 in Fighting
   559 | D:1      | Reached XP level 3. HP: 18/34 MP: 5/5
  1445 | D:3      | Reached XP level 4. HP: 29/44 MP: 3/6
  1499 | D:3      | Found a radiant altar of Vehumet.
  1657 | D:3      | Reached skill level 4 in Fighting
  2157 | D:4      | Found a shadowy altar of Dithmenos.
  2324 | D:4      | Reached XP level 5. HP: 29/50 MP: 2/6
  2627 | D:5      | Entered Level 5 of the Dungeon
  2879 | D:5      | Reached XP level 6. HP: 49/57 MP: 8/8
  2940 | D:5      | Found a stormy altar of Qazlal.
  3219 | D:5      | Found a bloodstained altar of Trog.
  3423 | D:5      | Noticed an ogre
  3435 | D:5      | Killed an ogre
  3435 | D:5      | Reached skill level 5 in Axes
  3677 | D:6      | Reached skill level 6 in Axes
  3751 | D:6      | Reached XP level 7. HP: 39/64 MP: 8/8
  3936 | D:6      | Reached skill level 7 in Axes
  3999 | D:6      | Noticed Sigmund
  4000 | D:6      | Noticed a hill giant
  4028 | D:6      | Killed a hill giant
  4028 | D:6      | Reached skill level 9 in Axes
  4028 | D:6      | Reached XP level 8. HP: 31/72 MP: 7/9
  4063 | D:6      | Killed Sigmund
  4110 | D:6      | Reached skill level 10 in Axes
  4532 | D:6      | Found an iron altar of Okawaru.
  4605 | D:6      | Reached skill level 5 in Armour
  5060 | D:6      | Gained mutation: You passively map the area around you. [level up]
  5060 | D:6      | Reached XP level 9. HP: 52/78 MP: 7/7
  5122 | D:7      | Noticed Fv001's ghost (experienced GrFi)
  5864 | D:7      | Found a staircase to the Ecumenical Temple.
  5918 | D:7      | Found a glowing golden altar of the Shining One.
  5918 | D:7      | Found a shimmering altar of Xom.
  5967 | D:7      | Reached skill level 5 in Dodging
  6230 | D:7      | Found a glowing silver altar of Zin.
  6295 | Temple   | Entered the Ecumenical Temple
  6589 | D:7      | Found an opulent altar of Gozag.
  7060 | D:7      | Killed Fv001's ghost
  7187 | D:7      | Found Okuruati's Book Shop.
  7263 | D:8      | Found a sacrificial altar of Ru.
  7339 | D:8      | Found a snail-covered altar of Cheibriados.
  7355 | D:8      | Reached skill level 10 in Armour
  7373 | D:8      | Reached XP level 10. HP: 38/85 MP: 1/6
  8153 | D:9      | Reached skill level 11 in Axes
  8182 | D:9      | Got a shimmering flail
  8558 | D:9      | Noticed Gastronok
  8626 | D:9      | Killed Gastronok
  8626 | D:9      | Reached skill level 12 in Axes
  9186 | D:3      | Noticed psch's ghost (average DsWz)
  9204 | D:3      | Killed psch's ghost
  9398 | D:3      | Found a burning altar of Makhleb.
  9437 | D:3      | Became a worshipper of Makhleb the Destroyer
  9466 | D:3      | Noticed a moth of wrath
  9469 | D:3      | Found a bloodstained altar of Trog.
  9584 | D:3      | Killed a moth of wrath
  9584 | D:3      | Reached skill level 13 in Axes
  9834 | D:10     | Entered Level 10 of the Dungeon
 10127 | D:10     | Killed an unseen horror
 10127 | D:10     | Reached XP level 11. HP: 46/92 MP: 6/6
 10288 | D:10     | Found a staircase to the Orcish Mines.
 10339 | D:10     | Noticed Erica
 10355 | D:10     | Killed Erica
 10355 | D:10     | Reached skill level 14 in Axes
 10689 | D:11     | Acquired Makhleb's first power
 10759 | D:11     | Noticed an ice devil
 10762 | D:11     | Gained mutation: You are weak. (Str -2) [a neqoxec]
 10963 | D:11     | Reached skill level 5 in Fighting
 11117 | D:11     | Noticed a six-headed hydra
 11133 | D:11     | Killed a one-headed hydra
 11155 | D:11     | Found a staircase to the Lair.
 11543 | D:12     | Acquired Makhleb's second power
 12196 | Lair:1   | Entered Level 1 of the Lair of Beasts
 12374 | Lair:1   | Noticed a seven-headed hydra
 12402 | Lair:1   | Killed a one-headed hydra
 12402 | Lair:1   | Acquired Makhleb's third power
 12479 | Lair:1   | Reached XP level 12. HP: 48/116 MP: 5/5
 12648 | Lair:1   | Reached skill level 10 in Fighting
 12716 | Lair:1   | Reached skill level 1 in Invocations
 13330 | Lair:2   | Acquired Makhleb's fourth power
 13341 | Lair:2   | Reached skill level 5 in Invocations
 13493 | Lair:2   | Noticed a five-headed hydra
 13512 | Lair:2   | Killed a one-headed hydra
 13781 | Lair:2   | Noticed a seven-headed hydra
 13797 | Lair:2   | Killed a one-headed hydra
 14224 | Lair:3   | Acquired Makhleb's fifth power
 14607 | Lair:3   | Noticed Fannar
 14613 | Lair:3   | Reached skill level 10 in Invocations
 14618 | Lair:3   | Killed Fannar
 15401 | Lair:4   | Noticed a seven-headed hydra
 15417 | Lair:4   | Killed a one-headed hydra
 15417 | Lair:4   | Reached XP level 13. HP: 82/123 MP: 15/15
 15437 | Lair:4   | Found a staircase to the Shoals.
 15605 | Lair:4   | Noticed a four-headed hydra
 15617 | Lair:4   | Killed a one-headed hydra
 16033 | Lair:5   | Found a labyrinth entrance.
 16119 | Lab      | Entered a labyrinth
 18262 | Lab      | Got a bloodstained scimitar
 18263 | Lab      | Identified the +10 scimitar "Mehioneg" {slice, +Rage rN++} (You found it in a labyrinth)
 19092 | Lair:5   | Found a hole to the Spider Nest.
 19139 | Lair:5   | Reached skill level 10 in Dodging
 21276 | Lair:7   | Gained mutation: You resist negative energy. [level up]
 21276 | Lair:7   | Reached XP level 14. HP: 69/132 MP: 14/14
 21337 | Lair:8   | Entered Level 8 of the Lair of Beasts
 22054 | Lair:8   | Found a runed door.
 22055 | Lair:8   | Found a viscous altar of Jiyva.
 22059 | Lair:8   | Noticed an acid blob
 22234 | Lair:8   | Noticed an acid blob
 22236 | Lair:8   | Found a staircase to the Slime Pits.
 22839 | Orc:1    | Entered Level 1 of the Orcish Mines
 22844 | Orc:1    | Reached skill level 15 in Axes
 22879 | Orc:1    | Reached skill level 1 in Evocations
 23325 | Orc:2    | Found a frozen archway.
 23504 | IceCv    | Entered an ice cave
 23520 | IceCv    | Reached skill level 5 in Evocations
 23987 | IceCv    | Got an ancient wooden ring
 24303 | Orc:2    | Identified the ring "Bliwur" {+Blink rElec rC- rN+} (You found it in an ice cave)
 24580 | Orc:3    | Noticed Psyche
 24594 | Orc:3    | Killed Psyche
 24630 | Orc:3    | Found a dark tunnel.
 24699 | Volcano  | Entered a volcano
 25108 | Orc:3    | Found a staircase to the Elven Halls.
 25129 | Orc:3    | Noticed Grum
 25130 | Orc:3    | Found a flagged portal.
 25138 | Orc:3    | Killed Grum
 25154 | Bailey   | Entered a bailey
 25258 | Bailey   | Found a burning altar of Makhleb.
 25761 | Orc:4    | Entered Level 4 of the Orcish Mines
 25987 | Orc:4    | Noticed jazmu's ghost (powerful GrFi)
 26020 | Orc:4    | Killed jazmu's ghost
 26020 | Orc:4    | Reached skill level 10 in Evocations
 26215 | Orc:4    | HP: 1/132 [sun demon[an orc sorcerer] (17)]
 26215 | Orc:4    | Slain by a rust devil

Action                   |  1- 3 |  4- 6 |  7- 9 | 10-12 | 13-15 || total
-------------------------+-------+-------+-------+-------+-------++-------
Melee: Hand axe          |   168 |   272 |   571 |   460 |       ||  1471
       Blowgun           |       |       |     2 |       |       ||     2
       War axe           |       |       |       |   686 |  1472 ||  2158
       Scimitar          |       |       |       |    56 |    36 ||    92
 Fire: Blowgun           |       |       |    17 |    25 |       ||    42
 Cast: Infusion          |     3 |     6 |    13 |       |       ||    22
Invok: Greater Servant o |       |       |       |     1 |     2 ||     3
 Abil: Device Recharging |       |     2 |     6 |     5 |     5 ||    18
       Evoke Blink       |       |       |       |       |    14 ||    14
Evoke: Wand              |     4 |     6 |    26 |    26 |    23 ||    85
  Use: Scroll            |       |     1 |    16 |    11 |    18 ||    46
       Potion            |       |       |     4 |     1 |     3 ||     8
 Stab: Paralysed         |       |       |     1 |       |       ||     1
       Distracted        |       |       |       |       |     1 ||     1
  Eat: Chunk             |     2 |     8 |     7 |    23 |    29 ||    69
       Meat ration       |       |       |     1 |     1 |       ||     2
       Pizza             |       |       |     1 |       |       ||     1
       Bread ration      |       |       |       |       |     2 ||     2
